[Event "Late-Titled-Tuesday-Blitz-September-05-2023"]
[Site "Chess.com"]
[Date "2023.09.05"]
[Round "8"]
[White "whiteglovethief"]
[Black "artin10862"]
[Result "1/2-1/2"]
[WhiteElo "2515"]
[BlackElo "2904"]
[TimeControl "180+1"]
[EndTime "15:27:28 PDT"]
[Termination "Game drawn by repetition"]

1. d4 a6 2. e4 e6 3. Nc3 d5 4. exd5 exd5 5. Bd3 Bb4 6. Ne2 Nc6 7. O-O Nge7 8. Bg5 Qd6 9. Bf4 Qf6 10. Bxc7 Bg4 11. f3 Bh5 12. a3 Bxc3 13. bxc3 Bg6 14. Re1 O-O 15. Bxg6 Nxg6 16. Bg3 Rfe8 17. Qd2 Na5 18. Nf4 Nc4 19. Rxe8+ Rxe8 20. Qc1 Qf5 21. Nd3 Re2 22. Qf1 Rxc2 23. Re1 h5 24. h4 Rxc3 25. Re8+ Kh7 26. Ne5 f6 27. Nxc4 Rxc4 28. Rb8 Qd7 29. Qd3 Rc8 30.
Rxc8 Qxc8 31. a4 Qe8 32. a5 Kg8 33. Qf5 Ne7 34. Qe6+ Qf7 35. Qd7 Nc6 36. Qc8+ Kh7 37. Qf5+ Qg6 38. Qxd5 Qxg3 39. Qxh5+ Kg8 40. Qe8+ Kh7 41.
Qh5+ Kg8 42. Qe8+ Kh7 43. Qh5+ 1/2-1/2

[Event "Late-Titled-Tuesday-Blitz-September-05-2023"]
[Site "Chess.com"]
[Date "2023.09.05"]
[Round "8"]
[White "Nick12772"]
[Black "The_Straightforward_Rook"]
[Result "0-1"]
[WhiteElo "2337"]
[BlackElo "2495"]
[TimeControl "180+1"]
[EndTime "15:27:28 PDT"]
[Termination "The_Straightforward_Rook won on time"]

1. Nf3 Nf6 2. g3 d5 3. Bg2 c5 4. O-O e6 5. d4 cxd4 6. Nxd4 e5 7.
Nf3 Nc6 8. c4 d4 9. e3 Be7 10.
exd4 exd4 11. Nbd2 O-O 12. Nb3 d3 13. Be3 Bg4 14. h3 Bh5 15. Rc1 Re8 16. Qd2 Qd7 17. Kh2 Rad8 18. Rfd1 Ne4 19. Qe1 Bb4 20. Qh1 d2 21.
Rc2 Qd3 22. Na1 Nxg3 23. Qg1 Rxe3 24. fxe3 Bd6 25. e4 Bxf3 0-1

[Event "Late-Titled-Tuesday-Blitz-September-05-2023"]
[Site "Chess.com"]
[Date "2023.09.05"]
[Round "8"]
[White "SCIM"]
[Black "IMGC"]
[Result "1-0"]
[WhiteElo "2587"]
[BlackElo "2427"]
[TimeControl "180+1"]
[EndTime "15:27:31 PDT"]
[Termination "SCIM won by resignation"]

1. e4 b6 2. d4 Bb7 3. Bd3 e6 4. Nf3 c5 5. c3 Nf6 6. Qe2 cxd4 7. cxd4 Nc6 8. a3 d6 9. O-O Be7 10. Nc3 O-O 11. Bg5 Nd7 12. Bxe7 Nxe7 13. Rad1 Ng6 14.
g3 Qe7 15. h4 h6 16. h5 Nh8 17. Kg2 Nf6 18. Rh1 e5 19. d5 Nh7 20. Nh4 Rac8 21. Nf5 Qf6 22. Nb5 Rfd8 23. Nxa7 Rc5 24. b4 Rc3 25. a4 Ng5 26. Nb5 Rcc8 27. Rc1 Rxc1 28. Rxc1 Bxd5 29. exd5 e4 30. Bxe4 Re8 31. Nbxd6 1-0

[Event "Late-Titled-Tuesday-Blitz-September-05-2023"]
[Site "Chess.com"]
[Date "2023.09.05"]
[Round "8"]
[White "FredddieCroderg"]
[Black "CraiggoryC"]
[Result "1-0"]
[WhiteElo "2296"]
[BlackElo "2220"]
[TimeControl "180+1"]
[EndTime "15:27:33 PDT"]
[Termination "FredddieCroderg won on time"]

1. e4 e6 2. d3 d5 3. Nd2 Nf6 4. Ngf3 Bc5 5. e5 Nfd7 6. d4 Be7 7. c3 c5 8. Bd3 Nc6 9. O-O a5 10. Re1 cxd4 11. cxd4 Qb6 12. Nb1 Nxd4 13. Nxd4 Qxd4 14.
Nc3 Qb6 15. Be3 Qd8 16. Bb5 O-O 17. Bd4 Nc5 18. Re3 Bd7 19. Rg3 g6 20. Qd2 Re8 21. Bf1 Rc8 22. Rh3 Bf8 23. Be3 Bc6 24. Bh6 Ne4 25. Nxe4 dxe4 26. Qf4 Rc7 27. Bg5 Be7 28. Bf6 Bxf6 29. exf6 1-0

[Event "Late-Titled-Tuesday-Blitz-September-05-2023"]
[Site "Chess.com"]
[Date "2023.09.05"]
[Round "8"]
[White "MKlose11"]
[Black "ContrVersia"]
[Result "0-1"]
[WhiteElo "2636"]
[BlackElo "2894"]
[TimeControl "180+1"]
[EndTime "15:27:35 PDT"]
[Termination "ContrVersia won by resignation"]

1. e4 c5 2. Nc3 Nc6 3. g3 g6 4. Bg2 Bg7 5. d3 d6 6. Be3 Rb8 7. Qd2 b5 8. Nge2 Nd4 9. O-O e6 10. Nc1 Ne7 11. Nd1 b4 12. c3 bxc3 13. bxc3 Ndc6 14.
Ne2 Ba6 15. Rc1 O-O 16. Re1 Qa5 17. Bf1 Rfc8 18. c4 Qxd2 19. Bxd2 Ne5 20. Kg2 Nxd3 21. Rc2 Nxe1+ 22. Bxe1 Nc6 23. Ndc3 Bxc4 24. a4 Nd4 25.
Rc1 Nxe2 26. Nxe2 Bd3 27. Nc3 Bxf1+ 28. Kxf1 a6 29. Rd1 Bd4 30. Ne2 e5 31. Nxd4 exd4 32. f4 Rb2 33. Ba5 Rxh2 34. Kg1 Ra2 35. Rb1 c4 36.
Be1 c3 37. Rb7 Ra1 38. Kg2 Rxe1 39. Kh3 c2 0-1

[Event "Late-Titled-Tuesday-Blitz-September-05-2023"]
[Site "Chess.com"]
[Date "2023.09.05"]
[Round "8"]
[White "Kosak12"]
[Black "SilverCityIndigo"]
[Result "1/2-1/2"]
[WhiteElo "2784"]
[BlackElo "2305"]
[TimeControl "180+1"]
[EndTime "15:27:36 PDT"]
[Termination "Game drawn by repetition"]

1. e4 e5 2. Nf3 Nc6 3. Bb5 a6 4. Ba4 d6 5. c4 Bd7 6. Nc3 Nd4 7. Bxd7+ Qxd7 8. d3 Ne7 9. Nxd4 exd4 10. Ne2 Nc6 11. O-O Be7 12. f4 O-O-O 13. Bd2 g5 14. fxg5 Ne5 15.
Nxd4 Nxd3 16. Rxf7 Ne5 17. Rf1 Nxc4 18. Bf4 Rhf8 19. Nf5 d5 20. Nxe7+ Qxe7 21. exd5 Qc5+ 22. Kh1 Rxd5 23. Qg4+ Kb8 24. Bxc7+ Kxc7 25. Rxf8 Qxf8 26. Qxc4+ Rc5 27. Qe4 Rxg5 28. Qxh7+ Kb8 29. Re1 Qf2 30. Rg1 Rxg2 31. Rxg2 Qf1+ 32. Rg1 Qf3+ 33. Rg2 Qd1+ 34. Rg1 Qd5+ 35. Rg2 Qd1+ 36. Rg1 Qf3+ 37. Rg2 Qf1+ 38. Rg1 Qf3+ 1/2-1/2

[Event "Late-Titled-Tuesday-Blitz-September-05-2023"]
[Site "Chess.com"]
[Date "2023.09.05"]
[Round "8"]
[White "NovikovaGalina"]
[Black "talaicito"]
[Result "1-0"]
[WhiteElo "2396"]
[BlackElo "2260"]
[TimeControl "180+1"]
[EndTime "15:27:37 PDT"]
[Termination "NovikovaGalina won by resignation"]

1. e4 c5 2. Nf3 d6 3. d4 cxd4 4. Nxd4 Nf6 5. Nc3 g6 6. Be3 Bg7 7. f3 O-O 8. Qd2 Nc6 9. g4 h5 10. gxh5 Nxh5 11. O-O-O Bd7 12. Nb3 Rc8 13. Bh6 Ne5 14.
Bxg7 Kxg7 15. f4 Nc4 16. Qd4+ e5 17. fxe5 Qg5+ 18. Kb1 dxe5 19. Qxd7 Rfd8 20. Qxb7 Rxd1+ 21. Nxd1 Nd2+ 22. Nxd2 Qxd2 23. Bd3 Rd8 24. Qxa7 Nf4 25. Qe3 Qg2 26. Rg1 Qxh2 27. a4 Nxd3 28. cxd3 Rxd3 29.
Qxd3 Qxg1 30. a5 Qa7 31. a6 Qb6 32. Nc3 Qg1+ 33. Kc2 g5 34. Nd1 g4 35. Qe3 Qf1 36. a7 Qc4+ 37. Nc3 Qa6 38. Qg5+ Kf8 39. Qd8+ Kg7 40. a8=Q 1-0

[Event "Late-Titled-Tuesday-Blitz-September-05-2023"]
[Site "Chess.com"]
[Date "2023.09.05"]
[Round "8"]
[White "Ducke13"]
[Black "Dewarfd"]
[Result "1-0"]
[WhiteElo "2465"]
[BlackElo "2207"]
[TimeControl "180+1"]
[EndTime "15:27:41 PDT"]
[Termination "Ducke13 won by resignation"]

1. d4 d5 2. g3 e6 3. c4 c5 4. cxd5 exd5 5. Nf3 Nc6 6. Bg2 Nf6 7. O-O Be7 8. dxc5 Bxc5 9. a3 O-O 10. b4 Bb6 11. Nc3 d4 12. Na4 Bg4 13. Bb2 Bxf3 14. Bxf3 Re8 15.
Rc1 Rc8 16. b5 Na5 17. Rxc8 Qxc8 18. Nxb6 axb6 19. Qxd4 Rd8 20. Qh4 Rd6 21. Rc1 Qd8 22.
Kg2 Nb3 23. Rc4 Nd2 24. Bxf6 gxf6 25. Qg4+ Kf8 26. Rc8 Nxf3 27. exf3 f5 28. Qxf5 Rd7 29. Qxd7 1-0

[Event "Late-Titled-Tuesday-Blitz-September-05-2023"]
[Site "Chess.com"]
[Date "2023.09.05"]
[Round "8"]
[White "KaydenTroffChess"]
[Black "Dzidzik2203"]
[Result "1-0"]
[WhiteElo "2799"]
[BlackElo "2387"]
[TimeControl "180+1"]
[EndTime "15:27:44 PDT"]
[Termination "KaydenTroffChess won by resignation"]

1. d4 Nf6 2. Nf3 e6 3. Bf4 c5 4. e3 Nc6 5. Nc3 cxd4 6. exd4 Bb4 7. Bd3 Nd5 8. Bd2 Nxc3 9. bxc3 Be7 10. O-O O-O 11.
c4 d6 12. Qe2 Bf6 13. c3 e5 14. Rfe1 g6 15. d5 Ne7 16. h4 b6 17. h5 Bg4 18.
hxg6 hxg6 19. Qe3 Bg7 20. Ng5 Rc8 21. Qg3 Bh5 22. Qh4 Qd7 23. f3 Nf5 24. Qh3 Bf6 25.
g4 Bxg5 26. Bxg5 f6 27. Bd2 Ng7 28. Kg2 f5 29. gxh5 Nxh5 30. Kf2 e4 31. Rxe4 Qg7 32. Re6 1-0

[Event "Late-Titled-Tuesday-Blitz-September-05-2023"]
[Site "Chess.com"]
[Date "2023.09.05"]
[Round "8"]
[White "Qvalda"]
[Black "Nikachu"]
[Result "0-1"]
[WhiteElo "2331"]
[BlackElo "2177"]
[TimeControl "180+1"]
[EndTime "15:27:47 PDT"]
[Termination "Nikachu won by resignation"]

1. d4 Nf6 2. Nf3 g6 3. g3 Bg7 4.
Bg2 O-O 5. O-O d5 6. c3 Nc6 7. c4 dxc4 8. Na3 Na5 9. Bd2 Nc6 10.
Bc3 Ne4 11. Nxc4 Nxc3 12. bxc3 Rb8 13. Rb1 b6 14. e4 Ba6 15. Nce5 Nxe5 16. Nxe5 Bxe5 17.
dxe5 Bxf1 18. Qxf1 e6 19. h4 Qd2 20. Qc4 c5 21. h5 Rfd8 22. h6 Qxh6 23. Qa6 Rd7 24. Bf3 Rbd8 25. Kg2 Qd2 26. Be2 Qxc3 27. Bb5 Rd2 28.
Qxa7 Rxf2+ 29. Kh3 Qf3 30. Qe7 Qg2+ 31. Kg4 Qxe4+ 32.
Kh3 Qg2+ 33. Kg4 Rd4+ 34. Kg5 Qxg3+ 35. Kh6 Rh4+ 0-1

[Event "Late-Titled-Tuesday-Blitz-September-05-2023"]
[Site "Chess.com"]
[Date "2023.09.05"]
[Round "8"]
[White "Msb2"]
[Black "frederiksvane"]
[Result "1-0"]
[WhiteElo "3093"]
[BlackElo "2941"]
[TimeControl "180+1"]
[EndTime "15:27:50 PDT"]
[Termination "Msb2 won by checkmate"]

1. d4 Nf6 2. c4 e6 3. Nc3 Bb4 4. e3 O-O 5. Bd2 d5 6. Nf3 Nbd7 7.
a3 Be7 8. cxd5 exd5 9. Bd3 c6 10.
Qc2 Re8 11. Ne5 Nf8 12. O-O Bd6 13. f4 a5 14. Be1 Ng6 15. Bg3 c5 16. Bb5 Re7 17.
Rae1 Qb6 18. Kh1 cxd4 19. exd4 Qxd4 20. Bf2 Qxf4 21. Bg3 Qh6 22. Nxf7 Rxf7 23. Bxd6 Bd7 24. Qb3 Bxb5 25. Qxb5 Rd8 26. Qb6 Rfd7 27. Bc7 Rc8 28. Qe6+ Kh8 29. Rxf6 Qh4 30. Qe8+ Rxe8 31. Rxe8+ Nf8 32.
Rfxf8# 1-0

[Event "Late-Titled-Tuesday-Blitz-September-05-2023"]
[Site "Chess.com"]
[Date "2023.09.05"]
[Round "8"]
[White "Good_Knight_Kiss"]
[Black "NoGalloNoParty"]
[Result "0-1"]
[WhiteElo "2331"]
[BlackElo "2546"]
[TimeControl "180+1"]
[EndTime "15:27:54 PDT"]
[Termination "NoGalloNoParty won by checkmate"]

1. e4 c5 2. Nf3 Nc6 3. d4 cxd4 4. Nxd4 e5 5. Nb5 a6 6. Nd6+ Bxd6 7. Qxd6 Qf6 8. Qd1 Qg6 9. Nc3 d5 10. Nxd5 Qxe4+ 11. Be3 Nd4 12. Nc7+ Ke7 13. Rc1 Bh3 14. Nxa8 Nf6 15.
Qd3 Bxg2 16. Qa3+ Kd8 17. Bxg2 Qxg2 18. Qd6+ Nd7 19. Kd2 Nb5 20. Bb6+ Kc8 21. Qd3 Kb8 22. Rhg1 Qc6 23. Qg3 Kxa8 24. Be3 Rd8 25. c3 Nc5+ 26. Kc2 Qe4# 0-1

[Event "Late-Titled-Tuesday-Blitz-September-05-2023"]
[Site "Chess.com"]
[Date "2023.09.05"]
[Round "8"]
[White "in_shambles"]
[Black "allvim"]
[Result "0-1"]
[WhiteElo "2111"]
[BlackElo "2288"]
[TimeControl "180+1"]
[EndTime "15:27:57 PDT"]
[Termination "allvim won by resignation"]

1. d4 Nf6 2. c4 g6 3. Nc3 d5 4. cxd5 Nxd5 5. e4 Nxc3 6. bxc3 Bg7 7.
Bc4 c5 8. Ne2 O-O 9. O-O Qa5 10.
Be3 Nc6 11. Rc1 a6 12. dxc5 Ne5 13. Bd5 Rd8 14. Qc2 e6 15. Bb3 Bd7 16. f3 Bb5 17. c4 Bc6 18. Bd2 Qxd2 19. Qxd2 Rxd2 20. Ng3 Rad8 21. h4 h5 22. Kh2 Nd3 23. Rcd1 Nf4 24. Rxd2 Rxd2 25. Kh1 Nxg2 26. Rg1 Nxh4 27. Bd1 Bd4 28.
Re1 Bf2 0-1

[Event "Late-Titled-Tuesday-Blitz-September-05-2023"]
[Site "Chess.com"]
[Date "2023.09.05"]
[Round "8"]
[White "TreinadorBR"]
[Black "PNEPaul"]
[Result "1-0"]
[WhiteElo "2353"]
[BlackElo "1908"]
[TimeControl "180+1"]
[EndTime "15:28:01 PDT"]
[Termination "TreinadorBR won on time"]

1. e4 e5 2. Nf3 Nc6 3. Bc4 Be7 4. d4 exd4 5. c3 d6 6. Qb3 Na5 7.
Bxf7+ Kf8 8. Qa4 Kxf7 9. Qxa5 Nf6 10. e5 dxe5 11. Nxe5+ Kg8 12. O-O c5 13. Qa4 Qd5 14.
cxd4 cxd4 15. Bf4 Bd7 16. Qd1 Rd8 17. Nd2 Bd6 18. Ndf3 Bxe5 19. Bxe5 Bg4 20. Re1 Bxf3 21. Qxf3 Qxf3 22. gxf3 Kf7 23. Rad1 d3 24. Re3 Rhe8 25. f4 Ng4 26. Rexd3 Rxd3 27. Rxd3 Nxe5 28. fxe5 Rxe5 29. Rd7+ Re7 30. Rd3 Re6 31. Kg2 Ke7 32. Rb3 Rb6 33.
Re3+ Re6 34. Rh3 h6 35. Rc3 1-0

[Event "Late-Titled-Tuesday-Blitz-September-05-2023"]
[Site "Chess.com"]
[Date "2023.09.05"]
[Round "8"]
[White "Akhayan"]
[Black "copanchess"]
[Result "1-0"]
[WhiteElo "2360"]
[BlackElo "2173"]
[TimeControl "180+1"]
[EndTime "15:28:09 PDT"]
[Termination "Akhayan won on time"]

1. e4 e5 2. Bc4 Nc6 3. d3 Nf6 4. Nc3 Bc5 5. f4 d6 6. Nf3 Be6 7. Bb3 Bxb3 8. axb3 Nd4 9. Na4 Bb6 10. Nxb6 axb6 11. Rxa8 Nxf3+ 12. Qxf3 Qxa8 13. O-O Qc8 14. fxe5 dxe5 15. Bg5 Qe6 16. Bxf6 Qxf6 17. Qg4 Qd8 18. Qxg7 Qd4+ 19. Kh1 Rf8 20. Qg4 Kd8 21. Qh4+ Kc8 22. Qe7 Rd8 23. Qxf7 Qxb2 24. Qf2 Qc3 25. h3 Kb8 26.
Qe2 Rg8 27. Qf2 h5 28. Kh2 h4 29. Qe2 Rg3 30. Qe1 Qc6 31. Rf8+ 1-0

[Event "Late-Titled-Tuesday-Blitz-September-05-2023"]
[Site "Chess.com"]
[Date "2023.09.05"]
[Round "8"]
[White "rquery98"]
[Black "Bobbybunny"]
[Result "1-0"]
[WhiteElo "2662"]
[BlackElo "2226"]
[TimeControl "180+1"]
[EndTime "15:28:12 PDT"]
[Termination "rquery98 won by checkmate"]

1. Nf3 c5 2. g3 Nc6 3. c4 g6 4. Bg2 Bg7 5. Nc3 e5 6. h4 h6 7. O-O d6 8. a3 Nge7 9. b4 O-O 10. Rb1 b6 11. d3 Be6 12. Bd2 Rc8 13. Ne1 Qd7 14. Nc2 d5 15. cxd5 Nxd5 16. bxc5 bxc5 17. Ne4 Nd4 18. e3 Nxc2 19. Qxc2 Qe7 20. Rfc1 Rfd8 21. Ba5 Nb6 22. Bxb6 axb6 23. Rxb6 c4 24. dxc4 Rxc4 25. Qb2 Rxc1+ 26. Qxc1 Rd3 27. Nc5 Rd6 28. Rb7 Qd8 29.
Nxe6 Rd1+ 30. Kh2 fxe6 31. Qc4 Kh7 32. Qxe6 Qf8 33. Rf7 Qd8 34. Be4 Rd2 35. Qxg6+ Kh8 36. Qxg7# 1-0

[Event "Late-Titled-Tuesday-Blitz-September-05-2023"]
[Site "Chess.com"]
[Date "2023.09.05"]
[Round "8"]
[White "Sulthankan"]
[Black "Perdomov"]
[Result "1-0"]
[WhiteElo "2377"]
[BlackElo "2182"]
[TimeControl "180+1"]
[EndTime "15:28:12 PDT"]
[Termination "Sulthankan won on time"]

1. e4 c5 2. Nf3 e6 3. c4 Nc6 4.
Be2 Nf6 5. Nc3 d6 6. O-O Nd4 7. d3 Be7 8. h3 Nxf3+ 9. Bxf3 e5 10. a3 Bd7 11. b4 b6 12. Rb1 O-O 13. Be2 Qc8 14. f4 Bxh3 15. gxh3 Qxh3 16. Rf2 h5 17. Rh2 Qg3+ 18. Rg2 Qh4 19. f5 cxb4 20. axb4 d5 21. Bg5 Qh3 22. Bxf6 Bxf6 23. Nxd5 Bh4 24. Bxh5 Bg3 25. Bg4 Qh4 26. Qf3 Bf4 27. f6 Bh6 28.
fxg7 Rfd8 29. Be6 fxe6 30. Nf6+ 1-0

[Event "Late-Titled-Tuesday-Blitz-September-05-2023"]
[Site "Chess.com"]
[Date "2023.09.05"]
[Round "8"]
[White "Fengwi"]
[Black "TheMagician"]
[Result "0-1"]
[WhiteElo "2387"]
[BlackElo "2116"]
[TimeControl "180+1"]
[EndTime "15:28:13 PDT"]
[Termination "TheMagician won on time"]

1. e4 c5 2. Nf3 d6 3. Bc4 e6 4. Bb3 Qc7 5. c3 c4 6. Bc2 Nf6 7. O-O Bd7 8. b3 cxb3 9. axb3 Nc6 10. d4 a6 11. Ba3 Rc8 12. c4 e5 13. dxe5 dxe5 14. Bxf8 Kxf8 15. Nc3 Bg4 16. h3 Bxf3 17. Qxf3 Nd4 18. Qd1 b5 19. Rxa6 bxc4 20. b4 Qb7 21. Ra4 g5 22. Qd2 h6 23. Bd1 Kg7 24.
Qe3 Ra8 25. Rxa8 Rxa8 26. Qg3 Qxb4 27. Nd5 Qd6 28. h4 Nxd5 29. exd5 f6 30. hxg5 hxg5 31.
Qc3 Qxd5 32. Qb4 Ra7 33. Qb6 Rd7 34. Re1 c3 35. Bg4 f5 36. Bh5 Rd6 37. Qc7+ Kh6 38.
Qxc3 Kxh5 39. Qd3 e4 0-1

[Event "Late-Titled-Tuesday-Blitz-September-05-2023"]
[Site "Chess.com"]
[Date "2023.09.05"]
[Round "8"]
[White "pouya21"]
[Black "ural58"]
[Result "1-0"]
[WhiteElo "2809"]
[BlackElo "2543"]
[TimeControl "180+1"]
[EndTime "15:28:17 PDT"]
[Termination "pouya21 won by resignation"]

1. e4 d5 2. exd5 Qxd5 3. Nc3 Qd6 4. d4 c6 5. h3 Nf6 6. Nf3 Bf5 7. Ne5 e6 8. g4 Bg6 9. h4 Nbd7 10. Bf4 Nxe5 11. dxe5 Qb4 12. Bd2 Nxg4 13. h5 Qd4 14. Qe2 Bxc2 15.
Rh4 Bf5 16. Bh3 Qxe5 17. Bxg4 Qxe2+ 18. Bxe2 O-O-O 19. Be3 b6 20. Rc4 Kb7 21. Bf3 Rc8 22. Rd1 e5 23. Nb5 e4 24. Nd4 g6 25. Nxf5 gxf5 26. Bg2 Rg8 27. Kf1 Bg7 28. Bh3 Bxb2 29. Bxf5 Rc7 30. Bxe4 b5 31. Rxc6 Rxc6 32. Rd7+ Kc8 33.
Bxc6 1-0

[Event "Late-Titled-Tuesday-Blitz-September-05-2023"]
[Site "Chess.com"]
[Date "2023.09.05"]
[Round "8"]
[White "NelsonLinda"]
[Black "Witik"]
[Result "1-0"]
[WhiteElo "2511"]
[BlackElo "2660"]
[TimeControl "180+1"]
[EndTime "15:28:19 PDT"]
[Termination "NelsonLinda won on time"]

1. b3 d5 2. Bb2 Bg4 3. f3 Bh5 4. h4 f6 5. d4 e5 6. dxe5 Nc6 7. e4 dxe4 8. Qxd8+ Rxd8 9. Bb5 Bc5 10. Nd2 f5 11. Nh3 exf3 12. Nxf3 Ne7 13. Nf4 Bxf3 14. gxf3 Bb4+ 15.
c3 Ba5 16. Ne6 Rd5 17. Bc4 Rxe5+ 18. Kd2 b5 19. f4 Re4 20. Nxg7+ Kd7 21. Bd3 Rxf4 22.
Rad1 Rd8 23. Kc1 Kc8 24. Ne6 Rxd3 25. Nxf4 Rf3 26. Rhf1 Rg3 27. Rd3 Rg4 28. h5 1-0

[Event "Late-Titled-Tuesday-Blitz-September-05-2023"]
[Site "Chess.com"]
[Date "2023.09.05"]
[Round "8"]
[White "ckgchess"]
[Black "chessisveryfun1264"]
[Result "1-0"]
[WhiteElo "2831"]
[BlackElo "2525"]
[TimeControl "180+1"]
[EndTime "15:28:21 PDT"]
[Termination "ckgchess won by checkmate"]

1. e4 e6 2. d4 d5 3. Nc3 Bb4 4. e5 Ne7 5. a3 Bxc3+ 6. bxc3 c5 7. h4 Qa5 8. Bd2 Qa4 9. h5 h6 10. Rh4 Nf5 11. Rg4 cxd4 12. Nf3 Nc6 13. cxd4 b6 14.
Bd3 Nce7 15. Qe2 Bd7 16. Bb4 Rc8 17. Rc1 a5 18. Bxe7 Kxe7 19. Bxf5 exf5 20. Rxg7 Bb5 21. Qe3 Rxc2 22. Nh4 Rhc8 23. Nxf5+ Kf8 24. Rg8+ Kxg8 25.
Qg3+ Kf8 26. Qg7+ Ke8 27. Qg8+ Kd7 28. Qxf7+ Kc6 29. Ne7+ Kb7 30. Nxc8+ Kxc8 31. Qf5+ Kb7 32. Qxc2 Qxd4 33. Qc8+ Ka7 34. Rc7# 1-0

[Event "Late-Titled-Tuesday-Blitz-September-05-2023"]
[Site "Chess.com"]
[Date "2023.09.05"]
[Round "8"]
[White "DenizSeyhanoglu1"]
[Black "Haykoooo0o"]
[Result "0-1"]
[WhiteElo "2323"]
[BlackElo "2491"]
[TimeControl "180+1"]
[EndTime "15:28:21 PDT"]
[Termination "Haykoooo0o won by resignation"]

1. e4 c6 2. d4 d5 3. exd5 cxd5 4. c4 Nf6 5. Nc3 Nc6 6. Bg5 Be6 7. a3 h6 8. Bh4 g5 9. Bg3 dxc4 10. Nf3 Bg7 11. Ne5 Qxd4 12. Nxc6 Qxd1+ 13. Rxd1 bxc6 14. Be5 O-O 15. Be2 Rfd8 16. O-O Nd5 17. Bxg7 Kxg7 18. Ne4 Nf4 19.
Bf3 Bd5 20. g3 Nd3 21. b3 Bxe4 22. Bxe4 Nc5 23. Bxc6 Rxd1 24. Rxd1 Rc8 25. Bd5 cxb3 26. Rb1 Rb8 27. a4 a5 28. Kf1 e6 29. Bc6 Rb4 30. Ke2 Nxa4 31. Bxa4 Rxa4 32. Rxb3 Ra1 33. h4 a4 34. Rb4 a3 35. Ra4 a2 36. hxg5 hxg5 37.
Kf3 f5 38. Ra6 Kf6 39. Ra5 e5 40. Ra6+ Ke7 41. Ra7+ Kd6 42. Ra6+ Kc5 43. Ra8 e4+ 44. Ke2 f4 45. gxf4 gxf4 46. Ra5+ Kb4 47. Ra8 f3+ 48. Kd2 Rf1 0-1

[Event "Late-Titled-Tuesday-Blitz-September-05-2023"]
[Site "Chess.com"]
[Date "2023.09.05"]
[Round "8"]
[White "FeketeBarika"]
[Black "MariaFominykh"]
[Result "1-0"]
[WhiteElo "2397"]
[BlackElo "2260"]
[TimeControl "180+1"]
[EndTime "15:28:21 PDT"]
[Termination "FeketeBarika won on time"]

1. e4 e6 2. d4 d5 3. Bd3 dxe4 4. Bxe4 Nf6 5. Bf3 Be7 6. Ne2 c5 7. O-O cxd4 8. Nxd4 O-O 9. c3 e5 10. Nb5 e4 11. Be2 Nc6 12. Bf4 Nd5 13. Bg3 a6 14. c4 Ndb4 15. N5a3 Be6 16. Nc3 f5 17. f4 Bc5+ 18.
Kh1 Qxd1 19. Raxd1 Rad8 20. Bh4 Be7 21. Bxe7 Nxe7 22. b3 Nec6 23. c5 Rxd1 24. Rxd1 Rd8 25. Bc4 Rxd1+ 26. Nxd1 Kf7 27. Ne3 Nd4 28. g4 fxg4 29.
f5 Bxc4 30. Naxc4 Kf6 31. a3 Nd3 32. Nd6 Nxc5 33. b4 Nd3 34. Nxe4+ Ke5 35. Ng3 Nb5 36. a4 Nd6 37. Nxg4+ Kf4 38. f6 gxf6 39. Nxf6 Nxb4 40. Nxh7 Ne4 41. Kg2 Nc3 42. a5 Nc6 43. Nf8 Nxa5 44. Ne6+ Ke5 45. Nc5 1-0

[Event "Late-Titled-Tuesday-Blitz-September-05-2023"]
[Site "Chess.com"]
[Date "2023.09.05"]
[Round "8"]
[White "DawidCzerw"]
[Black "Aradhya2000"]
[Result "0-1"]
[WhiteElo "2498"]
[BlackElo "2716"]
[TimeControl "180+1"]
[EndTime "15:28:22 PDT"]
[Termination "Aradhya2000 won by checkmate"]

1. e4 e5 2. Nf3 Nc6 3. Bb5 a6 4. Ba4 Nf6 5. d4 exd4 6. O-O Be7 7. e5 Ne4 8. Nxd4 O-O 9. Nf5 d5 10. exd6 Bxf5 11. dxe7 Qxe7 12. Bxc6 bxc6 13. Qf3 Bg6 14. Nc3 Rfe8 15. Bf4 Qf6 16. Nxe4 Rxe4 17. Bxc7 Qxf3 18.
gxf3 Re2 19. Rfe1 Rxc2 20. Be5 f6 21. Bc3 Kf7 22. Rad1 Ra7 23. Rd6 Rc7 24. Kf1 Bf5 25. Ra1 Bh3+ 26. Kg1 Be6 27. a3 Bd5 28. Kg2 Re7 29.
Rd8 Re3 30. Bd4 Bxf3+ 31. Kg3 Rb3 32. Be3 Bd5 33. Rd1 g5 34. Rd7+ Kg6 35. Ra7 h5 36. Rxa6 h4+ 37. Kh3 Kh5 38. Rd4 Rxe3+ 39. fxe3 Bg2# 0-1

[Event "Late-Titled-Tuesday-Blitz-September-05-2023"]
[Site "Chess.com"]
[Date "2023.09.05"]
[Round "8"]
[White "arminmusovic"]
[Black "Francisco_Ferrari"]
[Result "1-0"]
[WhiteElo "2539"]
[BlackElo "2171"]
[TimeControl "180+1"]
[EndTime "15:28:22 PDT"]
[Termination "arminmusovic won by resignation"]

1. a3 a5 2. Nc3 Nc6 3. e4 g6 4. Bc4 Bg7 5. d3 Nf6 6. Nge2 O-O 7. O-O d6 8. h3 Ne5 9. Ba2 c6 10. f4 Ned7 11. f5 b5 12. fxg6 hxg6 13. Nf4 b4 14.
axb4 axb4 15. Bxf7+ Kxf7 16. Rxa8 Qb6+ 17. Kh1 bxc3 18.
bxc3 Bb7 19. Ra3 Rh8 20. Rb3 Qc7 21. Qe2 e5 22. d4 exf4 23. Bxf4 Ke7 24. Bg5 Rf8 25.
e5 dxe5 26. dxe5 Nxe5 27. Rxb7 Kd7 28. Rxc7+ Kxc7 29. Qxe5+ Kd7 30. Bxf6 Bxf6 31. Rxf6 Re8 32. Rd6+ Kc7 33. Qxe8 1-0

[Event "Late-Titled-Tuesday-Blitz-September-05-2023"]
[Site "Chess.com"]
[Date "2023.09.05"]
[Round "8"]
[White "MagnusCarlsen"]
[Black "FabianoCaruana"]
[Result "0-1"]
[WhiteElo "3250"]
[BlackElo "3097"]
[TimeControl "180+1"]
[EndTime "15:28:23 PDT"]
[Termination "FabianoCaruana won by checkmate"]

1. e4 c5 2. Nf3 Nc6 3. Bb5 e6 4. c3 Nge7 5. d4 cxd4 6. cxd4 d5 7.
e5 Bd7 8. Nc3 Nf5 9. O-O Be7 10.
g4 Nh4 11. Nxh4 Bxh4 12. f4 Be7 13. Be3 O-O 14. Bd3 Rc8 15. g5 g6 16. Rf3 Bb4 17.
Rh3 Bxc3 18. bxc3 Ne7 19. Qe1 Nf5 20. Bc1 h5 21. gxh6 Kh7 22. a4 Rg8 23. a5 a6 24.
Bxf5 gxf5+ 25. Rg3 Qh4 26. Bd2 Bb5 27. Rg5 Qxh6 28.
Kg2 Rxg5+ 29. fxg5 Qh5 30. Qf2 Bd3 31. Kg3 Qg4# 0-1

[Event "Late-Titled-Tuesday-Blitz-September-05-2023"]
[Site "Chess.com"]
[Date "2023.09.05"]
[Round "8"]
[White "Bauman_Guy"]
[Black "Hikaru"]
[Result "0-1"]
[WhiteElo "2904"]
[BlackElo "3239"]
[TimeControl "180+1"]
[EndTime "15:28:23 PDT"]
[Termination "Hikaru won by checkmate"]

1. e4 a6 2. a4 c5 3. Nf3 e6 4. g3 d5 5. exd5 exd5 6. Bg2 Qe7+ 7. Kf1 d4 8. d3 Nc6 9. Bg5 f6 10. Bd2 Be6 11. Na3 O-O-O 12. Nc4 Kb8 13. h3 g5 14. Kg1 Ka7 15. Qf1 Qf7 16. Re1 Bd5 17. Nh2 Nge7 18. Qe2 h5 19. a5 h4 20. Ng4 Bg7 21. Bxd5 Nxd5 22. Qe6 Qc7 23. Kg2 Rhe8 24. Qf5 Nde7 25. Qxc5+ Kb8 26. gxh4 Rd5 27. Qb6 Qd7 28. hxg5 fxg5 29.
Qb3 Qf5 30. Nb6 Rf8 31. Nxd5 Nxd5 32. Kg1 Ne5 33. Nxe5 Qxf2# 0-1

[Event "Late-Titled-Tuesday-Blitz-September-05-2023"]
[Site "Chess.com"]
[Date "2023.09.05"]
[Round "8"]
[White "Grossboss19"]
[Black "Sinquefield"]
[Result "1-0"]
[WhiteElo "2496"]
[BlackElo "2460"]
[TimeControl "180+1"]
[EndTime "15:28:23 PDT"]
[Termination "Grossboss19 won by resignation"]

1. e4 d5 2. e5 c5 3. c4 d4 4. f4 Nc6 5. d3 f6 6. exf6 Nxf6 7. Be2 e5 8. fxe5 Nxe5 9. Nf3 Bd6 10. O-O Qc7 11.
Nxe5 Bxe5 12. g3 Bh3 13. Re1 Bxg3 14. Bf1+ Bxe1 15. Qxe1+ Kf7 16. Bxh3 Rae8 17. Qf2 Rhf8 18. Bf4 Qb6 19. Nd2 Qxb2 20. Rb1 Qc2 21. Rxb7+ Kg8 22.
Qg2 Re1+ 23. Nf1 Rxf1+ 24. Qxf1 Nh5 25. Rb8 Nxf4 26. Rxf8+ Kxf8 27. Qxf4+ Ke7 28. Qe5+ Kd8 29. Qd6+ Ke8 30. Qc6+ Kf8 31. Qxc5+ Kf7 32. Qf5+ 1-0